 Dungeon Crawl Stone Soup version 0.26-a0-844-g3dd439832f (webtiles) character file.

Game seed: 10560812622972103029

5426 DocClef the Covert (level 10, -4/82 HPs)
             Began as a Gnoll Delver on Nov 18, 2020.
             Was a Believer of Okawaru.
             Killed from afar by Erica (13 damage)
             ... with a bolt of poison
             ... on level 9 of the Dungeon.
             The game lasted 00:09:44 (8593 turns).

DocClef the Covert (Gnoll Delver)                   Turns: 8593, Time: 00:09:45

Health: -4/82      AC: 21    Str: 15    XL:     10   Next: 67%
Magic:  18/18      EV: 10    Int: 12    God:    Okawaru [**....]
Gold:   404        SH: 11    Dex: 18    Spells: 20/20 levels left

rFire    + . .     SeeInvis .   x - +5 flail (protect)
rCold    . . .     Faith    .   o - +0 buckler
rNeg     . . .     Spirit   .   y - +1 chain mail "Ibrime" {Regen+ rCorr Str-2}
rPois    .         Reflect  +   k - +0 helmet of the Blue Skies {rElec Stlth+} (curse)
rElec    +         Harm     .   s - +0 cloak
rCorr    +         Rampage  .   (no gloves)
MR       .....                  j - +0 pair of boots
Stlth    +++.......             B - amulet of reflection
HPRegen  0.63/turn              a - ring of protection from fire
MPRegen  0.16/turn              (no ring)

@: lethally poisoned (-4 -> -21), protection aura
A: distributed training, fangs 1, strong nose
a: Heroism, Renounce Religion


You were on level 9 of the Dungeon.
You worshipped Okawaru.
Okawaru was pleased with you.
You visited 2 branches of the dungeon, and saw 10 of its levels.

You collected 404 gold pieces.

Inventory:

Hand Weapons
 x - a +5 flail of protection (weapon)
 D - a +2 war axe of flaming
Armour
 j - a +0 pair of boots (worn)
 k - the cursed +0 helmet of the Blue Skies (worn) {rElec Stlth+}
   (You found it on level 8 of the Dungeon)

   It insulates you from electricity.
   It makes you more stealthy.
   It has a curse placed upon it.
 o - a +0 buckler (worn)
 s - a +0 cloak (worn)
 y - the +1 chain mail "Ibrime" (worn) {Regen+ rCorr Str-2}
   (You found it on level 4 of the Dungeon)

   It affects your strength (-2).
   It increases your rate of regeneration.
   It provides partial protection from all sources of acid and corrosion.
 F - a +3 ring mail of fire resistance
Jewellery
 a - a ring of protection from fire (left hand)
 h - an uncursed amulet of the acrobat {unknown}
 B - an amulet of reflection (around neck)
Wands
 g - a wand of digging (3)
 v - a wand of iceblast (10)
 E - a wand of random effects (16)
 H - a wand of flame (12)
Scrolls
 c - a scroll of fog
 d - 3 scrolls of magic mapping
 e - 3 scrolls of fear
 l - a scroll of remove curse
 m - 4 scrolls of enchant armour {unknown}
 p - a scroll of immolation {unknown}
 r - 7 scrolls of identify {unknown}
 w - 4 scrolls of teleportation {unknown}
 z - 2 scrolls of random uselessness {unknown}
 A - 2 scrolls of enchant weapon {unknown}
 G - a scroll of holy word {unknown}
 I - a scroll of amnesia {unknown}
Potions
 b - a potion of degeneration {unknown}
 f - 2 potions of haste
 i - 3 potions of curing {unknown}
 n - 2 potions of berserk rage {unknown}
 q - 2 potions of attraction {unknown}
 t - 5 potions of heal wounds
 u - 2 potions of flight {unknown}
 C - a potion of cancellation {unknown}


   Skills:
 + Level 8.6 Fighting
 + Level 7.2 Short Blades
 + Level 5.5 Long Blades
 + Level 5.5 Axes
 + Level 5.5 Maces & Flails
 + Level 5.5 Polearms
 + Level 5.5 Staves
 + Level 5.5 Slings
 + Level 5.5 Bows
 + Level 5.5 Crossbows
 + Level 5.5 Throwing
 + Level 5.5 Armour
 + Level 7.2 Dodging
 + Level 10.9 Stealth
 + Level 5.5 Shields
 + Level 5.5 Unarmed Combat
 + Level 5.5 Spellcasting
 + Level 4.5 Conjurations
 + Level 4.5 Hexes
 + Level 4.5 Summonings
 + Level 4.5 Necromancy
 + Level 4.5 Translocations
 + Level 4.5 Transmutations
 + Level 4.5 Fire Magic
 + Level 4.5 Ice Magic
 + Level 4.5 Air Magic
 + Level 4.5 Earth Magic
 + Level 4.5 Poison Magic
 + Level 6.0 Invocations
 + Level 5.5 Evocations


You had 20 spell levels left.
You didn't know any spells.
Your spell library contained the following spells:

 Spells                   Type           Power        Failure   Level
 Animate Skeleton         Necr           ##....       45%         1
 Apportation              Tloc           ##....       45%         1
 Corona                   Hex            ##.....      45%         1
 Shock                    Conj/Air       ##..         45%         1
 Summon Small Mammal      Summ           ##..         45%         1
 Swiftness                Air            ##......     58%         2
 Static Discharge         Conj/Air       ##......     83%         3
 Airstrike                Air            ##........   99%         4
 Lightning Bolt           Conj/Air       ##........   100%        5


Dungeon Overview and Level Annotations

Branches:
Dungeon (9/15)             Temple (1/1) D:6             Orc (0/2) D:9
   Lair: D:8-11

Altars:
Ashenzari
Cheibriados
Dithmenos
Elyvilon
Fedhas
Gozag
Hepliaklqana
Kikubaaqudgha
Makhleb
Nemelex Xobeh
Okawaru
Qazlal
Ru
Sif Muna
Trog
Uskayaw
Vehumet
Wu Jian
Xom
Yredelemnul
Zin
The Shining One

Shops:
D:5 }

Annotations:
D:7 2 transporters
D:9 Erica


Innate Abilities, Weirdness & Mutations

Your experience applies equally to all skills.
You have very sharp teeth.
Your uncanny sense of smell can sniff out nearby items.


Message History

You hit something.
You feel very sick. You block something's attack.
You miss something.
You feel very sick. Something hits you but does no damage.
You thump something!
You feel sick. Something hits you.
* * * LOW HITPOINT WARNING * * *
Something burns you.
* * * LOW HITPOINT WARNING * * *
You thump something!
You feel sick. Something hits you.
* * * LOW HITPOINT WARNING * * *
You hit something.
* * * LOW HITPOINT WARNING * * *
You feel very sick.
You hear some strange, mumbled words.
A bolt of poison appears from out of thin air!
The bolt of poison hits you!
You are lethally poisoned!
You die...

...#(..............##..♣♣♣.♣.♣♣♣.
####...............##.♣# #♣.♣# #♣
..##...............##.♣ ♣.♣ ♣
..##...............##.♣# #♣.♣# #♣
..##...............##..♣♣♣...♣♣♣.
..##...............##............
..##...............##........#.#.
######..###'###+#####..###.###...
#..#.......@{###..###.#....#
#..#.........#........#....#
#..#......##.#........#.#..#
#..#..#...# .#........'.#..#
####....... .#######>##....#
.................<........
............#..............
.....###...................
........†.......


There were no monsters in sight!

Vanquished Creatures
  Pikel (D:4)
  Joseph (D:7)
  Psyche (D:8)
  Maggie (D:7)
  A troll (D:9)
  Grinder (D:6)
  Sigmund (D:2)
  Edmund (D:4)
  Duvessa (D:5)
  3 ice beasts
  3 phantoms
  2 orc warriors
  3 ogres
  2 centaurs (D:9)
  A big kobold (D:7)
  5 bullfrogs
  A gnoll sergeant (D:6)
  Dowan (D:5)
  A scorpion (D:6)
  11 wights
  A howler monkey (D:6)
  A bullfrog zombie (D:9)
  A centaur zombie (D:9)
  A quasit (D:8)
  5 hounds
  Crazy Yiuf (D:2)
  An orc priest (D:8)
  4 bullfrog skeletons
  An iguana (D:9)
  4 orc wizards
  6 worker ants
  2 hound skeletons (D:5)
  8 adders
  15 gnolls
  4 shadow imps
  A white imp (D:8)
  An ufetubus (D:5)
  3 adder skeletons
  3 worms
  A dart slug (D:1)
  5 leopard geckos
  22 orcs
  5 bats
  3 giant cockroaches
  5 goblins
  10 hobgoblins
  8 jackals
  12 kobolds
  4 quokkas
  2 ball pythons
  2 frilled lizards (D:2)
  A jackal skeleton (D:4)
  2 quokka skeletons
  5 rats
192 creatures vanquished.

Vanquished Creatures (others)
  2 plants (D:3)
2 creatures vanquished.

Grand Total: 194 creatures vanquished

Notes
Turn   | Place    | Note
-------+----------+-------------------------------------------
     0 | D:5      | Reached skill level 9 in Stealth
     0 | D:5      | DocClef the Gnoll Delver began the quest for the Orb.
     0 | D:5      | Reached XP level 1. HP: 23/23 MP: 1/1
    16 | D:5      | Reached XP level 2. HP: 27/29 MP: 2/2
   146 | D:4      | Reached XP level 3. HP: 11/35 MP: 3/3
   534 | D:3      | Reached skill level 1 in Long Blades
   534 | D:3      | Reached skill level 1 in Axes
   534 | D:3      | Reached skill level 1 in Maces & Flails
   534 | D:3      | Reached skill level 1 in Polearms
   534 | D:3      | Reached skill level 1 in Staves
   534 | D:3      | Reached skill level 1 in Slings
   534 | D:3      | Reached skill level 1 in Bows
   534 | D:3      | Reached skill level 1 in Crossbows
   534 | D:3      | Reached skill level 1 in Throwing
   534 | D:3      | Reached skill level 1 in Armour
   534 | D:3      | Reached skill level 1 in Shields
   534 | D:3      | Reached skill level 1 in Unarmed Combat
   534 | D:3      | Reached skill level 1 in Spellcasting
   534 | D:3      | Reached skill level 1 in Invocations
   534 | D:3      | Reached skill level 1 in Evocations
   592 | D:3      | Reached XP level 4. HP: 38/41 MP: 5/5
   756 | D:2      | Reached skill level 1 in Conjurations
   756 | D:2      | Reached skill level 1 in Hexes
   756 | D:2      | Reached skill level 1 in Summonings
   756 | D:2      | Reached skill level 1 in Necromancy
   756 | D:2      | Reached skill level 1 in Translocations
   756 | D:2      | Reached skill level 1 in Transmutations
   756 | D:2      | Reached skill level 1 in Fire Magic
   756 | D:2      | Reached skill level 1 in Ice Magic
   756 | D:2      | Reached skill level 1 in Air Magic
   756 | D:2      | Reached skill level 1 in Earth Magic
   756 | D:2      | Reached skill level 1 in Poison Magic
   792 | D:2      | Found an opulent altar of Gozag.
  1283 | D:2      | Reached XP level 5. HP: 41/47 MP: 6/6
  1662 | D:2      | Noticed Sigmund
  1673 | D:2      | Killed Sigmund
  1674 | D:2      | Reached XP level 6. HP: 25/53 MP: 8/8
  2132 | D:2      | Found a runed translucent door.
  2133 | D:2      | Noticed Crazy Yiuf
  2260 | D:2      | Killed Crazy Yiuf
  2261 | D:2      | Reached skill level 5 in Short Blades
  2261 | D:2      | Reached skill level 5 in Dodging
  3248 | D:4      | Reached XP level 7. HP: 40/59 MP: 10/10
  3513 | D:4      | Noticed Pikel
  3521 | D:4      | Killed Pikel
  3522 | D:4      | Reached skill level 10 in Stealth
  3522 | D:4      | Reached XP level 8. HP: 55/67 MP: 10/12
  3801 | D:4      | Noticed Edmund
  3820 | D:4      | Killed Edmund
  4031 | D:4      | Got a transparent chain mail
  4042 | D:4      | Identified the +1 chain mail "Ibrime" {Regen+ rCorr Str-2}
                  | (You found it on level 4 of the Dungeon)
  4091 | D:4      | You fall into a shaft and drop 1 floor!
  4135 | D:5      | Noticed Dowan
  4136 | D:5      | Noticed Duvessa
  4142 | D:5      | Killed Duvessa
  4153 | D:5      | Killed Dowan
  4271 | D:5      | Reached XP level 9. HP: 64/72 MP: 14/14
  4352 | D:5      | Found Zein's Gadget Shoppe.
  4436 | D:5      | Found a hazy altar of Hepliaklqana.
  4439 | D:5      | Found a shadowy altar of Dithmenos.
  4645 | D:6      | Noticed Grinder
  4813 | D:6      | Found a shimmering blue altar of Sif Muna.
  4813 | D:6      | Found a broken altar of Ashenzari.
  5056 | D:6      | Found a white marble altar of Elyvilon.
  5126 | D:6      | Killed Grinder
  5396 | D:6      | Found a staircase to the Ecumenical Temple.
  5558 | Temple   | Entered the Ecumenical Temple
  5708 | Temple   | Became a worshipper of Warmaster Okawaru
  5749 | D:7      | Noticed Maggie
  5771 | D:7      | Killed Maggie
  5772 | D:7      | Reached skill level 5 in Invocations
  5918 | D:7      | Noticed Joseph
  5936 | D:7      | Killed Joseph
  5936 | D:7      | Reached * piety under Okawaru
  6182 | D:7      | Found a transporter.
  6451 | D:7      | Found a transporter.
  6537 | D:7      | Reached XP level 10. HP: 80/80 MP: 17/17
  6776 | D:7      | Reached skill level 5 in Long Blades
  6776 | D:7      | Reached skill level 5 in Axes
  6776 | D:7      | Reached skill level 5 in Maces & Flails
  6776 | D:7      | Reached skill level 5 in Polearms
  6776 | D:7      | Reached skill level 5 in Staves
  6776 | D:7      | Reached skill level 5 in Slings
  6776 | D:7      | Reached skill level 5 in Bows
  6776 | D:7      | Reached skill level 5 in Crossbows
  6776 | D:7      | Reached skill level 5 in Throwing
  6776 | D:7      | Reached skill level 5 in Armour
  6776 | D:7      | Reached skill level 5 in Shields
  6776 | D:7      | Reached skill level 5 in Unarmed Combat
  6776 | D:7      | Reached skill level 5 in Spellcasting
  6776 | D:7      | Reached skill level 5 in Evocations
  6963 | D:8      | Noticed Psyche
  6969 | D:8      | Killed Psyche
  7059 | D:8      | Got a heavily runed leather armour
  7070 | D:8      | Identified the cursed +0 leather armour "Furghuid" {rC+}
                  | (You found it on level 8 of the Dungeon)
  7276 | D:8      | Got a polished helmet
  7287 | D:8      | Identified the cursed +0 helmet of the Blue Skies {rElec
                  | Stlth+} (You found it on level 8 of the Dungeon)
  7301 | D:8      | Found a blossoming altar of Fedhas.
  7406 | D:8      | Reached ** piety under Okawaru
  7957 | D:9      | Found a staircase to the Orcish Mines.
  8055 | D:9      | Found a shadowy altar of Dithmenos.
  8578 | D:9      | Noticed Erica
  8593 | D:9      | Killed from afar by Erica

Illustrated notes

Levels and vault maps discovered:
D:1:      psy_arrival_conway, layout_rooms
D:2:      layout_loops_ring, nicolae_overflow_crystal_walls, uniq_sigmund,
          uniq_crazy_yiuf_cottage
D:3:      layout_basic, serial_forest, infiniplex_forest_straight_3,
          infiniplex_forest_clump_small, infiniplex_forest_lined_room_2,
          infiniplex_forest_clump_large, infiniplex_forest_clump_small,
          infiniplex_forest_clump_small
D:4:      layout_rooms, uniq_pikel, uniq_edmund
D:5:      layout_cave_pools, riverfiend_overflow_shadow_ancestor, serial_shops,
          nicolae_shop_behind_doors, uniq_duvessa
D:6:      layout_gridville, elyvilon_altar_3,
          gammafunk_temple_overflow_elements, minmay_temple_entry_wispy,
          uniq_grinder
D:7:      gammafunk_cloud_chamber, layout_loops_corners, minmay_misc_feat_room,
          uniq_joseph, uniq_maggie
D:8:      layout_cave_pods, fedhas_ov_isle_minmay, uniq_psyche
D:9:      layout_stronghold, orc_0_dummy, minmay_stone_trees_medium,
          nicolae_dithmenos_shadow_blocks, uniq_erica
Temple:   eino_temple_rhombus

Skill      XL: |  1  2  3  4  5  6  7  8  9 10 |
---------------+-------------------------------+-----
Stealth        | 10 | 10.9
Long Blades    | 1 2 3 4 5 |  5.5
Axes           | 1 2 3 4 5 |  5.5
Maces & Flails | 1 2 3 4 5 |  5.5
Polearms       | 1 2 3 4 5 |  5.5
Staves         | 1 2 3 4 5 |  5.5
Slings         | 1 2 3 4 5 |  5.5
Bows           | 1 2 3 4 5 |  5.5
Crossbows      | 1 2 3 4 5 |  5.5
Throwing       | 1 2 3 4 5 |  5.5
Armour         | 1 2 3 4 5 |  5.5
Shields        | 1 2 3 4 5 |  5.5
Unarmed Combat | 1 2 3 4 5 |  5.5
Spellcasting   | 1 2 3 4 5 |  5.5
Invocations    | 1 2 3 4 5 6 |  6.0
Evocations     | 1 2 3 4 5 |  5.5
Conjurations   | 1 2 3 4 |  4.5
Hexes          | 1 2 3 4 |  4.5
Summonings     | 1 2 3 4 |  4.5
Necromancy     | 1 2 3 4 |  4.5
Translocations | 1 2 3 4 |  4.5
Transmutations | 1 2 3 4 |  4.5
Fire Magic     | 1 2 3 4 |  4.5
Ice Magic      | 1 2 3 4 |  4.5
Air Magic      | 1 2 3 4 |  4.5
Earth Magic    | 1 2 3 4 |  4.5
Poison Magic   | 1 2 3 4 |  4.5
Short Blades   | 5 6 7 |  7.2
Dodging        | 5 6 7 |  7.2
Fighting       | 7 8 |  8.6

Action                   |  1- 3 |  4- 6 |  7- 9 | 10-12 || total
-------------------------+-------+-------+-------+-------++-------
Melee: Short sword       |    46 |       |       |       ||    46
       Bite              |     4 |    14 |    31 |    29 ||    78
       Hand axe          |     8 |   145 |    51 |       ||   204
       Flail             |       |       |   247 |   239 ||   486
  Use: Scroll            |       |       |       |     2 ||     2
 Stab: Sleeping          |     2 |    10 |     6 |     5 ||    23
       Distracted        |       |     2 |     1 |     1 ||     4
Armor: Leather armour    |     9 |    27 |     4 |       ||    40
       Chain mail        |       |       |   144 |   113 ||   257
Dodge: Dodged            |    46 |    87 |   129 |   108 ||   370
Block: Buckler           |       |    33 |   165 |   183 ||   381
       Reflection        |       |       |       |    10 ||    10

Table legend: (Time is in decaauts)
 A = Elapsed time spent in this place.
 B = Non-inter-level travel time spent in this place.
 C = Inter-level travel time spent in this place.
 D = Time resting spent in this place.
 E = Time spent auto-exploring this place.
 F = Levels seen in this place.
 G = Mean time per level.
                   A        B        C        D        E       F      G
               +--------+--------+--------+--------+--------+-----+--------+
         Total |   8726 |   8379 |    347 |   1107 |   5560 |  10 |  872.6 |
       Dungeon |   8569 |   8237 |    332 |   1107 |   5421 |   9 |  952.1 |
        Temple |    156 |    141 |     15 |      0 |    139 |   1 |  156.0 |
               +--------+--------+--------+--------+--------+-----+--------+

Top non-repeatable levels by time:
     D:2: 1462 daAuts
     D:7: 1165 daAuts
     D:3: 1137 daAuts
     D:4: 1107 daAuts
     D:8: 1084 daAuts
     D:6: 838 daAuts
     D:5: 693 daAuts
     D:9: 646 daAuts
     D:1: 433 daAuts
  Temple: 156 daAuts
